 Dungeon Crawl Stone Soup version 0.26-a0-712-ga5a9c9c9d0 (webtiles) character file.

Game seed: 4005764240958977910

100 Azzok the Chopper (level 4, -1/54 HPs)
             Began as a Demonspawn Berserker on Nov 5, 2020.
             Was a Believer of Trog.
             Slain by a sky beast (4 damage)
             ... on level 3 of the Dungeon.
             The game lasted 00:03:23 (3106 turns).

Azzok the Chopper (Demonspawn Berserker)            Turns: 3106, Time: 00:03:23

Health: -1/54      AC: 10    Str: 19    XL:     4   Next: 47%
Magic:  4/4        EV:  8    Int:  8    God:    Trog [**....]
Gold:   217        SH:  0    Dex: 12    Spells: 3/3 levels left

rFire    . . .     SeeInvis .   l - +2 dagger (venom)
rCold    . . .     Faith    .   (no shield)
rNeg     . . .     Spirit   .   n - +0 chain mail
rPois    .         Reflect  .   (no helmet)
rElec    .         Harm     .   h - +0 cloak
rCorr    .         Rampage  .   (no gloves)
MR       .....                  (no boots)
Stlth    ..........             (no amulet)
HPRegen  0.18/turn              (no ring)
MPRegen  0.09/turn              (no ring)

@: berserking, very quick
A: rugged brown scales 1
a: Berserk, Trog's Hand, Renounce Religion


You were on level 3 of the Dungeon.
You worshipped Trog.
Trog was pleased with you.
You visited 1 branch of the dungeon, and saw 4 of its levels.

You collected 217 gold pieces.

Inventory:

Hand Weapons
 a - a +0 hand axe
 f - a +1 dagger of draining
 l - a +2 dagger of venom (weapon)
Armour
 h - a +0 cloak (worn)
 n - a +0 chain mail (worn)
Scrolls
 c - 4 scrolls of teleportation {unknown}
 d - 5 scrolls of identify {unknown}
 e - a scroll of fear {unknown}
 j - a scroll of remove curse {unknown}
Potions
 g - a potion of lignification {unknown}
 i - 4 potions of curing {unknown}
 k - a potion of ambrosia {unknown}
 m - a potion of might {unknown}


   Skills:
 - Level 3.0 Fighting
 + Level 4.8 Axes
 - Level 1.7 Armour
 - Level 1.7 Dodging


You had 3 spell levels left.
You didn't know any spells.
Your spell library was empty.

Dungeon Overview and Level Annotations

Branches:
Dungeon (4/15)
 Temple: D:4-7

Altars:
Fedhas
Nemelex Xobeh
Vehumet

Annotations:
D:4 Blork the orc, Ijyb


Innate Abilities, Weirdness & Mutations

You are partially covered in rugged brown scales. (AC +1, +3% HP)


Message History

There is a stone staircase leading down here.
Deactivating autopickup; reactivate with Ctrl-A.
You hit something. Something hits you. Something shocks you.
You hit something. Something hits you. Something shocks you.
* * * LOW HITPOINT WARNING * * *
A red film seems to cover your vision as you go berserk!
You feel yourself moving faster!
You feel mighty!
A sky beast appears from thin air!
Reactivating autopickup.
The sky beast hits you.
* * * LOW HITPOINT WARNING * * *
The sky beast shocks you.
* * * LOW HITPOINT WARNING * * *
You puncture the sky beast!
The sky beast looks as sick as possible!
The sky beast is severely wounded.
You miss the sky beast.
The sky beast is severely wounded.
The sky beast hits you.
You die...

▒▒▒▒▒▒▒▒▒▒▒▒▒▒▒▒▒▒
···············Y@▒
▒▒▒▒▒▒▒▒▒▒▒▒▒▒▒▒·▒
▒···▒ ▒·▒ ▒▒▒·▒·▒
▒·▒ ▒···▒·▒ ▒▒▒▒·▒
▒)▒▒▒·▒▒▒····▒
▒·▒····▒▒▒·▒▒▒
▒·▒·▒··▒···▒
▒·▒·▒····▒▒▒▒▒▒▒▒


You could see a sky beast (extremely poisoned).

Vanquished Creatures
  4 adders
  3 orcs (D:3)
  3 bats
  7 giant cockroaches
  9 goblins
  6 hobgoblins
  5 jackals (D:2)
  13 kobolds
  2 frilled lizards
  4 rats
56 creatures vanquished.

Notes
Turn   | Place    | Note
-------+----------+-------------------------------------------
     0 | D:1      | Azzok the Demonspawn Berserker began the quest for the Orb.
     0 | D:1      | Reached XP level 1. HP: 18/18 MP: 1/1
   165 | D:1      | Reached skill level 3 in Axes
   174 | D:1      | Gained mutation: You are partially covered in rugged brown
                  | scales. (AC +1, +3% HP) [demonic ancestry]
   174 | D:1      | Reached XP level 2. HP: 12/24 MP: 2/2
   937 | D:2      | Reached XP level 3. HP: 12/29 MP: 3/3
  1039 | D:2      | Reached skill level 4 in Axes
  1248 | D:2      | Found a radiant altar of Vehumet.
  1803 | D:2      | Found a sparkling altar of Nemelex Xobeh.
  1811 | D:2      | Reached XP level 4. HP: 36/36 MP: 4/4
  1814 | D:2      | Reached ** piety under Trog
  2103 | D:3      | You fall into a shaft and drop 1 floor!
  2104 | D:4      | Noticed Blork the orc
  2104 | D:4      | Noticed a sky beast
  2113 | D:4      | Noticed Ijyb
  2978 | D:3      | Found a blossoming altar of Fedhas.
  3106 | D:3      | Slain by a sky beast

Illustrated notes

Levels and vault maps discovered:
D:1:      nzn_arrival_crosshair, layout_basic
D:2:      layout_loops_ring, vehumet_crystals,
          nemelex_xobeh_ov_fountains_minmay, grunt_ministairs_7
D:3:      layout_basic, lemuel_coloured_pillars_altar
D:4:      layout_rooms, lemuel_crystal_altar, dancing_weapons_uskayaw,
          minmay_temple_entry_junction, minivault_26, uniq_blork_the_orc,
          uniq_ijyb

Skill      XL: |  1  2  3 |
---------------+----------+-----
Axes           | 3 4 |  4.8
Fighting       | |  3.0
Armour         | |  1.7
Dodging        | |  1.7

Action                   |  1- 3 |  4- 6 || total
-------------------------+-------+-------++-------
Melee: Hand axe          |    28 |       ||    28
       Dagger            |    85 |    70 ||   155
Invok: Berserk           |     2 |     2 ||     4
 Stab: Sleeping          |       |     1 ||     1
Armor: Animal skin       |    30 |     4 ||    34
       Chain mail        |       |    16 ||    16
Dodge: Dodged            |    99 |    38 ||   137

Table legend: (Time is in decaauts)
 A = Elapsed time spent in this place.
 B = Non-inter-level travel time spent in this place.
 C = Inter-level travel time spent in this place.
 D = Time resting spent in this place.
 E = Time spent auto-exploring this place.
 F = Levels seen in this place.
 G = Mean time per level.
                   A        B        C        D        E       F      G
               +--------+--------+--------+--------+--------+-----+--------+
         Total |   3134 |   3083 |     51 |     74 |   2580 |   4 |  783.5 |
       Dungeon |   3134 |   3083 |     51 |     74 |   2580 |   4 |  783.5 |
               +--------+--------+--------+--------+--------+-----+--------+

Top non-repeatable levels by time:
     D:2: 1267 daAuts
     D:3: 1013 daAuts
     D:1: 800 daAuts
     D:4: 53 daAuts
